 Dungeon Crawl Stone Soup version 0.30-a0-723-gc1506a1cf0 (webtiles) character file.

Game seed: 7048036332911337948

67 Leeroy the Slasher (level 4, -4/26 HPs)
             Began as a Tengu Warper on Jan 28, 2023.
             Slain by an ice beast (14 damage)
             ... on level 5 of the Dungeon.
             The game lasted 00:02:43 (1590 turns).

Leeroy the Slasher (Tengu Warper)                   Turns: 1590, Time: 00:02:43

Health: -4/26      AC:  3    Str: 12    XL:     4   Next: 16%
Magic:  8/8        EV: 12    Int: 13    God:
Gold:   56         SH:  0    Dex: 15    Spells: 7/7 levels left

rFire   . . .      SeeInvis .    a - +1 falchion
rCold   . . .      Faith    .    (no shield)
rNeg    . . .      Spirit   .    b - +0 leather armour
rPois   .          Reflect  .    (helmet restricted)
rElec   .          Harm     .    (no cloak)
rCorr   .          Rampage  .    (no gloves)
Will    .....                    (boots unavailable)
Stlth   +                        (no amulet)
HPRegen 0.24/turn                (no ring)
MPRegen 0.11/turn                (no ring)

@: no status effects
A: beak, talons 3
a: no special abilities


You were on level 5 of the Dungeon.
You visited 1 branch of the dungeon, and saw 5 of its levels.

You collected 56 gold pieces.

Inventory:

Hand Weapons
 a - a +1 falchion (weapon)
Missiles
 d - 7 boomerangs of dispersal
 k - 3 poisoned darts (quivered)
Armour
 b - a +0 leather armour (worn)
Scrolls
 c - 2 scrolls of blinking
 e - a scroll of magic mapping
 f - a scroll of vulnerability
 m - a scroll of torment
Potions
 g - a potion of degeneration {unknown}
 h - 2 potions of haste {unknown}
 i - a potion of curing {unknown}
 j - a potion of lignification {unknown}
 n - a potion of brilliance {unknown}
 o - a potion of attraction {unknown}


   Skills:
 - Level 2.0 Fighting
 + Level 4.7 Long Blades
 - Level 1.0 Throwing
 - Level 1.1 Armour
 - Level 2.1 Dodging
 - Level 2.0 Spellcasting
 - Level 2.4 Translocations


You had 7 spell levels left.
You didn't know any spells.
Your spell library contained the following spells:

 Spells                   Type           Power      Damage    Failure   Level
 Blink                    Tloc           14%        N/A       19%         2
 Lesser Beckoning         Tloc           14%        N/A       19%         2
 Sandblast                Erth           2%         2d4       32%         1
 Teleport Other           Tloc           7%         N/A       36%         3
 Passwall                 Tmut/Erth      0%         N/A       43%         2
 Vhi's Electric Charge    Tloc/Air       8%         N/A       52%         3
 Ozocubu's Armour         Ice            1%         N/A       67%         3
 Stone Arrow              Conj/Erth      2%         3d7       67%         3
 Manifold Assault         Tloc           7%         N/A       77%         4
 Ozocubu's Refrigeration  Ice            0%         4d7       100%        7


Dungeon Overview and Level Annotations

Branches:
Dungeon (6/15)
 Temple: D:4-7

Altars:

Shops:
D:2 ?(*

Annotations:
D:6 Maggie


Innate Abilities, Weirdness & Mutations

You have a beak for a mouth.
You have claws for feet.


Message History

Your surroundings suddenly seem different.
Found 5 poisoned darts and a spear.
Found a stone staircase leading down.
You are no longer entranced.
A hound comes into view.
Found a stone staircase leading up.
You see here 5 poisoned darts.
k - 5 poisoned darts
Found a hat.
There is a stone staircase leading up here.
The hound barks!
You climb upwards.
There is a stone staircase leading down here.
HP restored.
Found a stone staircase leading up.
You pick up Ozocubu's Autobiography and begin reading...
You add the spells Ozocubu's Armour and Ozocubu's Refrigeration to your library.
An ice beast comes into view.
The ice beast moves out of view.
An ice beast is nearby!
An ice beast is nearby!
You don't know any spells.
Okay, then.
Throw: 5 darts (poison)
Press: ? - help, Q - select action, (/) - cycle Shift-Dir - straight line, f - ice beast
Aim: an ice beast (59% to hit)
You throw a poisoned dart. The poisoned dart hits the ice beast.
The ice beast is poisoned.
Throw: 4 darts (poison)
Press: ? - help, Q - select action, (/) - cycle Shift-Dir - straight line, f/p - ice beast
Aim: an ice beast (lightly wounded, poisoned, 59% to hit)
You throw a poisoned dart.
The poisoned dart barely misses the ice beast.
You barely miss the ice beast. Your kick misses the ice beast.
The ice beast is lightly wounded.
The ice beast hits you. The ice beast freezes you! The ice beast misses you.
You closely miss the ice beast. Your kick misses the ice beast.
The ice beast is moderately wounded.
The ice beast hits you. The ice beast freezes you!
Ouch! That really hurt!
You die...

### ##### ##.# #.#.#
#..## #...# ###.##
#...# #######
##.###...# #.##..#
##......## ##....##
#.......####.....###
##.......#........##
##.@................
#.Y.................
##.................#.
##(................###
#..................#
#..########..........#
....## ##..........
##(.# ##<..####... #..
....# #


You could see an ice beast (poisoned).

Vanquished Creatures
  2 adders (D:2)
  A worm (D:2)
  A dart slug (D:1)
  7 bats
  4 endoplasms
  2 giant cockroaches (D:1)
  6 goblins
  3 hobgoblins (D:1)
  3 quokkas
  6 ball pythons
  5 frilled lizards
  2 kobolds (D:1)
  4 rats
46 creatures vanquished.

Notes
Turn   | Place    | Note
-------+----------+-------------------------------------------
     0 | D:1      | Leeroy the Tengu Warper began the quest for the Orb.
     0 | D:1      | Reached XP level 1. HP: 12/12 MP: 4/4
    91 | D:1      | Reached XP level 2. HP: 17/17 MP: 6/6
   120 | D:1      | Reached skill level 3 in Long Blades
   318 | D:1      | Reached XP level 3. HP: 14/21 MP: 7/7
   567 | D:1      | Reached skill level 4 in Long Blades
   641 | D:2      | Found Nethaet's Magic Scroll Shoppe.
   923 | D:2      | Reached XP level 4. HP: 25/26 MP: 8/8
  1020 | D:2      | Found Efeck's Assorted Antiques.
  1110 | D:2      | Found Fedem Heuj's Weapon Emporium.
  1440 | D:3      | You fall into a shaft and drop 3 floors!
  1449 | D:6      | Noticed Maggie
  1476 | D:5      | Entered Level 5 of the Dungeon
  1581 | D:5      | Noticed an ice beast
  1590 | D:5      | Slain by an ice beast

Illustrated notes

Levels and vault maps discovered:
D:1:      dpeg_arrival_tiny_a, layout_rooms
D:2:      layout_loops_ring, serial_shops, shop, nicolae_shop_stone,
          nicolae_shop_trees, chequers_mini_garden
D:3:      layout_loops_ring, uniq_sigmund, uniq_ijyb
D:5:      layout_layer_cave, minmay_holes, chequers_serial_rivers_small_b,
          grunt_decor_arrowhead, grunt_decor_junction, uniq_eustachio
D:6:      layout_rooms, hangedman_abyss_or_decor_passed, chequers_avenue,
          uniq_prince_ribbit1, uniq_menkaure, uniq_maggie

Skill      XL: |  1  2  3 |
---------------+----------+-----
Long Blades    | 3 4 |  4.7
Fighting       | |  2.0
Throwing       | |  1.0
Armour         | |  1.1
Dodging        | |  2.1
Spellcasting   | |  2.0
Translocations | |  2.4

Action                     |  1- 3 |  4- 6 || total
---------------------------+-------+-------++-------
  Melee: Falchion          |   103 |    11 ||   114
         Kick              |    21 |     5 ||    26
         Peck              |    12 |     1 ||    13
         Punch             |     1 |       ||     1
  Throw: Dart              |       |     2 ||     2
    Use: Scroll            |       |     6 ||     6
   Stab: Sleeping          |       |     1 ||     1
 Armour: Leather armour    |    29 |     2 ||    31
  Dodge: Dodged            |    72 |     3 ||    75

Table legend: (Time is in decaauts)
 A = Elapsed time spent in this place.
 B = Non-inter-level travel time spent in this place.
 C = Inter-level travel time spent in this place.
 D = Time resting spent in this place.
 E = Time spent auto-exploring this place.
 F = Levels seen in this place.
 G = Mean time per level.
                   A        B        C        D        E       F      G
               +--------+--------+--------+--------+--------+-----+--------+
         Total |   1602 |   1500 |    102 |      0 |   1194 |   5 |  320.4 |
       Dungeon |   1602 |   1500 |    102 |      0 |   1194 |   5 |  320.4 |
               +--------+--------+--------+--------+--------+-----+--------+

Top non-repeatable levels by time:
     D:2: 836 daAuts
     D:1: 616 daAuts
     D:5: 113 daAuts
     D:6: 35 daAuts
